 Dungeon Crawl Stone Soup version 0.19-a0-1682-g5114f93 (webtiles) character file.

299 HungrySpirit the Sneak (level 6, -3/39 HPs)
             Began as an Octopode Assassin on Sept 24, 2016.
             Slain by an orc
             ... wielding a +0 flail
              (11 damage)
             ... on level 4 of the Dungeon.
             The game lasted 00:03:32 (2142 turns).

HungrySpirit the Sneak (Octopode Assassin)          Turns: 2142, Time: 00:03:32

Health: -3/39      AC:  2    Str: 10    XL:     6   Next: 36%
Magic:  6/6        EV: 13    Int: 13    God:
Gold:   138        SH:  0    Dex: 16    Spells: 0 memorised, 5 levels left

rFire  . . .     SeeInvis .     a - +3 dagger
rCold  . . .     Gourm    .     (no shield)
rNeg   . . .     Faith    .     (helmet restricted)
rPois  .         Spirit   .     (no amulet)
rElec  .         Dismiss  .     t - -3 ring of evasion (curse)
rCorr  .         Reflect  .     s - +1 ring of evasion
MR     .....     Harm     .     (no ring)
Stlth  +++++.....               (no ring)
                                (no ring)
                                (no ring)
                                (no ring)
                                (no ring)

@: no status effects
A: almost no armour, stealthy swim, amphibious, 8 rings, constrict 8, camouflage
1, gelatinous body 1
a: no special abilities


You were on level 4 of the Dungeon.
You were hungry.

You visited 1 branch of the dungeon, and saw 4 of its levels.

You collected 138 gold pieces.

Inventory:

Hand Weapons
 a - a +3 dagger (weapon)
 b - a +0 blowgun
Missiles
 c - 34 poisoned needles
 d - 2 curare-tipped needles
Jewellery
 s - a +1 ring of evasion (right tentacle)
 t - a cursed -3 ring of evasion (left tentacle)
Scrolls
 e - 3 scrolls of recharging
 g - 2 scrolls of identify
 k - 4 scrolls of teleportation
 o - 2 scrolls of blinking
Potions
 h - 2 potions of curing
 i - a potion of cure mutation {unknown}
 l - a potion of beneficial mutation {unknown}
 m - a potion of resistance {unknown}
 n - a potion of haste {unknown}
 q - 3 potions of flight {unknown}
Comestibles
 f - 3 bread rations
 j - a beef jerky
 p - a meat ration


   Skills:
 - Level 2.0 Fighting
 * Level 4.2 Short Blades
 - Level 2.0 Throwing
 * Level 3.8 Dodging
 + Level 6.8 Stealth


You had 5 spell levels left.
You didn't know any spells.

Dungeon Overview and Level Annotations

Branches:
Dungeon (4/15)
 Temple: D:4-7

Altars:
Ashenzari


Innate Abilities, Weirdness & Mutations

You cannot wear most types of armour.
You are very stealthy in the water.
You are amphibious.
You can wear up to eight rings at the same time.
You can use your tentacles to constrict eight enemies at once.
Your skin changes colour to match your surroundings (Stealth+).
Your rubbery body absorbs attacks. (AC +1, EV +1)


Message History

The orc priest is heavily wounded.
You constrict the orc priest. The orc priest closely misses you.
The orc hits you with a flail!
You hit the orc priest but do no damage.
You squeeze the orc priest, but do no damage.
The orc priest is heavily wounded.
You constrict the orc priest.
The orc priest mumbles some strange prayers to Beogh against you.
Beogh smites you!
* * * LOW HITPOINT WARNING * * *
The hobgoblin shouts!
You hit the orc priest.
You squeeze the orc priest, but do no damage.
The orc priest is heavily wounded.
You constrict the orc priest. The orc closely misses you.
The orc priest hits you but does no damage.
You hit the orc priest. You squeeze the orc priest.
You kill the orc priest!
The orc hits you with a flail!
You die...

###
###...
..#..
##.#.#
....#
#o).#
#@#
#g#
#.#
..#
..#
#.##
#. #.


You could see an orc and a hobgoblin.

Vanquished Creatures
  An orc priest (D:4)
  Natasha (thrice) (D:2)
  An orc wizard (D:4)
  8 adders
  3 worms
  A dart slug (D:1)
  4 leopard geckos
  7 bats
  2 giant cockroaches (D:2)
  15 goblins
  9 hobgoblins
  7 jackals
  2 quokkas
  A ball python (D:1)
  5 frilled lizards
  A giant cockroach zombie (D:3)
  6 kobolds
  7 rats
83 creatures vanquished.

Vanquished Creatures (others)
  Robin (D:2)
1 creature vanquished.

Grand Total: 84 creatures vanquished

Notes
Turn   | Place    | Note
-------+----------+-------------------------------------------
     0 | D:1      | HungrySpirit the Octopode Assassin began the quest for the Orb.
     0 | D:1      | Reached XP level 1. HP: 14/14 MP: 1/1
   107 | D:1      | Reached XP level 2. HP: 19/19 MP: 2/2
   178 | D:1      | You fall through a shaft!
   191 | D:2      | Reached XP level 3. HP: 19/24 MP: 3/3
   658 | D:2      | Reached XP level 4. HP: 17/29 MP: 4/4
   860 | D:2      | Found a shattered altar of Ashenzari.
   958 | D:2      | Noticed Natasha
   968 | D:2      | Killed Natasha
   968 | D:2      | Reached skill level 6 in Stealth
   991 | D:2      | Noticed Robin
   992 | D:2      | Noticed Natasha
  1008 | D:2      | Killed Natasha
  1008 | D:2      | Reached XP level 5. HP: 34/34 MP: 5/5
  1015 | D:2      | Killed Robin
  1309 | D:2      | Noticed Natasha
  1314 | D:2      | Killed Natasha
  1598 | D:3      | Reached XP level 6. HP: 37/39 MP: 6/6
  2142 | D:4      | Slain by an orc

Vault maps used:
D:1:      scummos_arrival_star, minivault_25
D:2:      overflow_temple_1_default, first_bread, st_stairs_10, uniq_natasha,
          uniq_robin
D:3:      serial_glass, glass_columns_c, glass_columns_b
D:4:      grunt_temple_overflow_opulence

Skill      XL: |  1  2  3  4  5 |
---------------+----------------+-----
Dodging        | 2 3 |  3.8
Short Blades   | 3 4 |  4.2
Stealth        | 6 |  6.8
Fighting       | |  2.0
Throwing       | |  2.0

Action                   |  1- 3 |  4- 6 || total
-------------------------+-------+-------++-------
Melee: Dagger            |    38 |   123 ||   161
       Tentacles         |     8 |    30 ||    38
       Constrict         |     5 |    31 ||    36
  Use: Potion            |       |     3 ||     3
       Scroll            |       |     5 ||     5
 Stab: Sleeping          |     9 |    13 ||    22
       Distracted        |       |     1 ||     1
  Eat: Chunk             |       |     4 ||     4
Armor: Skin              |     5 |    11 ||    16
Dodge: Dodged            |    22 |    86 ||   108
